AoeStats
← Chiripa605

MegaRandom

509125571Analyzed
3v3 RM · 6d ago on Sep 25, 2026· 23m 27s· 6 players
Game mode
Random Map
Map size
Normal (6 player)
Population
200
Speed
Normal
Resources
Standard
Victory
Conquest
Starting age
Dark Age
Ending age
Imperial Age
RankedLock teamsTeams togetherTeam positionsShared explorationLock speedFull tech treeHidden civsTurbo modeCheats
Victory
Defeat
🇪🇸 Gurjaras · Spain
1611
+9
🇵🇪 Hindustanis · Peru
1509
+13
🇪🇸 Armenians · Spain
1489
+13
🇨🇴 Britons · Colombia
1442
-12
🇪🇸 Dravidians · Spain
1440
-12
🇺🇸 Shu · United States
1429
-11
Chiripa605
4:16 Loom
11:05 Feudal Age
11:36 Double-Bit Axe
15:26 Fletching
20:40 Castle Age
19:04 Gold Mining
21:06 Crossbowman
22:28 Bodkin Arrow
MISTER COLLEJAS
9:32 Loom
11:50 Feudal Age
12:33 Double-Bit Axe
13:38 Gold Mining
13:46 Town Watch
15:02 Fletching
17:14 Horse Collar
22:10 Castle Age
Volrath
11:15 Feudal Age
9:43 Loom
12:38 Double-Bit Axe
15:16 Castle Age
13:23 Horse Collar
14:10 Town Watch
15:03 Wheelbarrow
16:08 Bow Saw
18:14 Fletching
21:29 Ballistics
22:32 Bodkin Arrow
23:00 Crossbowman
k0nK1_TG
5:42 Loom
10:18 Feudal Age
10:21 Man-at-Arms
10:57 Double-Bit Axe
11:17 Arson
11:27 Long Swordsman
18:42 Town Watch
21:53 Castle Age
20:50 Padded Archer Armor
21:37 Fletching
23:27 Bow Saw
23:24 Fishing Lines
pau795
9:03 Loom
11:26 Feudal Age
11:55 Double-Bit Axe
19:24 Castle Age
18:15 Scale Barding Armor
17:57 Horse Collar
19:05 Fishing Lines
19:51 Forging
20:31 Chain Barding Armor
20:34 Bow Saw
22:31 Bloodlines
DYN_BenderGC
13:39 Feudal Age
14:57 Fishing Lines
15:14 Fishing Lines
18:34 Castle Age
16:26 Double-Bit Axe
16:28 Fishing Lines
17:06 Loom
19:10 Fletching
19:16 Elite Skirmisher
19:59 Padded Archer Armor
21:11 Bodkin Arrow
22:46 Leather Archer Armor
Connection lost

Rejoining the realm…

Still unreachable

The connection could not be restored.

Session expired

The server has moved on; the page needs a fresh start.